cohdb
Replays
Latest Replays
All Replays
Popular Replays
Top Player Replays
Match Explorer
How It Works
Community
CoH3 Stats
Reddit
Sign in to upload your games and track your stats! →
Sign in with Steam
Match 47074465
Unlisted
Match 47074465
Overview
Messages
Build Orders
End
Kradschützen Motorcycle Team
Panzerpioneer Squad
250 Light Carrier
Construct Light Support Kompanie
Selects Italian Infantry
Assault Grenadier Squad
Combat Half-tracks
Selects Defensive Operations
Fire Support Elements
Flakvierling Half-track
Panzerjäger Mechanized Group
Selects Guastatori Squad
Guastatori Squad
Vehicle Survival Package
stediscus
DrewP
0
0
Comments
sign in to comment!
No comments posted yet!